 Dungeon Crawl Stone Soup version 0.28-a0-1382-g92835e5c71 (webtiles) character file.

Game seed: 17825179734601832282

4645 Deminshera the Unseen (level 10, -16/64 (66) HPs)
             Began as a Kobold Brigand on Jan 1, 2022.
             Demolished by a skeletal warrior (24 damage)
             ... led by a skeletal warrior
             ... on level 8 of the Dungeon.
             The game lasted 00:11:51 (11832 turns).

Deminshera the Unseen (Kobold Brigand)             Turns: 11832, Time: 00:11:52

HP:   -16/64 (66)   AC:  7    Str: 18    XL:     10   Next: 70%
MP:   10/10         EV: 18    Int: 12    God:
Gold: 653           SH:  0    Dex: 18    Spells: 9/9 levels left

rFire   + . .      SeeInvis .   a - +2 dagger (elec)
rCold   . . .      Faith    .   (no shield)
rNeg    . . .      Spirit   .   f - +3 leather armour {rF+}
rPois   +          Reflect  .   (no helmet)
rElec   .          Harm     .   c - +0 cloak
rCorr   .          Rampage  .   (no gloves)
Will    .....                   (no boots)
Stlth   +++++++...              (no amulet)
HPRegen 0.20/turn               t - +6 ring of strength
MPRegen 0.12/turn               w - ring of poison resistance

@: studying Stealth, lightly drained
A: small, no large weapons, nightstalker 3
a: no special abilities


You were on level 8 of the Dungeon.
You visited 2 branches of the dungeon, and saw 9 of its levels.
You also visited: Ossuary.

You collected 679 gold pieces.
You spent 26 gold pieces at shops.

Inventory:

Hand Weapons
 a - a +2 dagger of electrocution (weapon)
 q - the +9 dagger "Qerecs" {venom, +Blink Dex+4}
   (You found it on level 2 of the Dungeon)

   It poisons the flesh of those it strikes.
   Dex:       It affects your dexterity (+4).
   +Blink:    It lets you blink.
Missiles
 d - 8 poisoned darts (quivered)
 p - 2 curare-tipped darts
Armour
 c - a +0 cloak (worn)
 f - a +3 leather armour of fire resistance (worn)
Jewellery
 t - a +6 ring of strength (left hand)
 w - a ring of poison resistance (right hand)
 z - a ring of protection from fire
Wands
 e - a wand of polymorph (4)
 h - a wand of flame (34)
 r - a wand of paralysis (20)
 v - a wand of iceblast (6)
 B - a wand of charming (4)
Scrolls
 b - a scroll of blinking
 g - 3 scrolls of amnesia
 l - 5 scrolls of teleportation
 s - 3 scrolls of vulnerability
 y - a scroll of silence
Potions
 j - 3 potions of might
 k - a potion of curing {unknown}
 m - a potion of degeneration {unknown}
 n - a potion of resistance {unknown}
 o - a potion of ambrosia {unknown}
 u - 2 potions of haste
 x - a potion of brilliance
 A - a potion of flight {unknown}


   Skills:
 - Level 9.0 Fighting
 - Level 8.0 Short Blades
 - Level 3.0 Throwing
 - Level 7.0 Dodging
 + Level 16.3 Stealth


You had 9 spell levels left.
You didn't know any spells.
Your spell library contained the following spells:

 Spells                   Type           Power      Damage    Failure   Level
 Apportation              Tloc           0%         N/A       36%         1
 Summon Small Mammal      Summ           0%         N/A       36%         1
 Call Canine Familiar     Summ           0%         N/A       75%         3
 Gell's Gravitas          Tloc           0%         N/A       75%         3
 Summon Guardian Golem    Hex/Summ       0%         N/A       75%         3
 Teleport Other           Tloc           0%         N/A       75%         3
 Alistair's Intoxication  Tmut/Pois      0%         N/A       100%        5
 Dispersal                Tloc           0%         N/A       100%        6


Dungeon Overview and Level Annotations

Branches:
Dungeon (8/15)             Temple (1/1) D:7         Ossuary (visited)
   Lair: D:8-11

Altars:
Ashenzari
Cheibriados
Dithmenos
Elyvilon
Fedhas
Gozag
Hepliaklqana
Kikubaaqudgha
Makhleb
Nemelex Xobeh
Okawaru
Ru
Sif Muna
Vehumet
Wu Jian
Xom
Yredelemnul

Shops:
D:5 ?   D:6 *


Innate Abilities, Weirdness & Mutations

You are small and have problems with some larger weapons.
You are completely attuned to the shadows.


Message History

The +9 dagger "Qerecs" {venom, +Blink Dex+4} stops dripping with poison.
You hear the crackle of electricity.
a - a +2 dagger of electrocution (weapon)
You hit the skeletal warrior.
The skeletal warrior is heavily damaged.
The skeletal warrior misses you.
You hit the skeletal warrior but do no damage.
The skeletal warrior is heavily damaged.
You hit the skeletal warrior but do no damage.
The skeletal warrior is heavily damaged.
The skeletal warrior hits you with a +2 long sword of freezing!
The skeletal warrior freezes you.
You barely miss the skeletal warrior.
The skeletal warrior is heavily damaged.
You hit the skeletal warrior.
The skeletal warrior is heavily damaged.
The skeletal warrior misses you.
You hit the skeletal warrior.
The skeletal warrior is heavily damaged.
The skeletal warrior hits you with a +2 long sword of freezing.
The skeletal warrior freezes you.
You hit the skeletal warrior but do no damage.
The skeletal warrior is heavily damaged.
You hit the skeletal warrior but do no damage.
The skeletal warrior is heavily damaged.
The skeletal warrior hits you with a +2 long sword of freezing.
The skeletal warrior freezes you.
You hit the skeletal warrior.
Lightning courses through the skeletal warrior!
The skeletal warrior is severely damaged.
You closely miss the skeletal warrior.
The skeletal warrior is severely damaged.
The skeletal warrior hits you with a +2 long sword of freezing!!
* * * LOW HITPOINT WARNING * * *
The skeletal warrior freezes you!
* * * LOW HITPOINT WARNING * * *
You closely miss the skeletal warrior.
The skeletal warrior is severely damaged.
The skeletal warrior hits you with a +2 long sword of freezing!!
You die...

######......
#....'......
#....#§.....
....?...#....#D.....
............#..†.#......
............#....#.....
........)...#....#.....
......z.....#....#
.......@....#†####
.....########.#
.....#...#.[..#
.....#...'....#
.....#...#..).#
#####....####)#..
#..###........
#.............
#.............


You could see a skeletal warrior.

Vanquished Creatures
  A boulder beetle (D:6)
  A two-headed ogre (D:6)
  Sigmund (D:3)
  Menkaure (D:4)
  A steam dragon (D:8)
  Duvessa (D:7)
  A hornet zombie (D:6)
  2 ice beasts (D:7)
  A sky beast (D:6)
  4 black bears
  2 necrophages (D:6)
  2 centaurs
  An elf zombie (Ossuary)
  3 bullfrogs (D:7)
  A wyvern zombie (D:6)
  Blork the orc (D:4)
  3 scorpions
  2 water moccasin skeletons
  Dowan (D:7)
  9 wights
  A howler monkey (D:8)
  2 bullfrog zombies
  2 hounds
  A jelly (D:7)
  2 bullfrog skeletons
  A centaur zombie (Ossuary)
  3 orc priests
  2 centaur skeletons
  Jessica (D:2)
  2 iguanas (D:6)
  Natasha (thrice) (D:2)
  An orc wizard (D:4)
  2 mummies (Ossuary)
  8 adders
  A shadow imp (D:8)
  2 white imps
  A worm (D:2)
  A dart slug (D:4)
  15 orcs
  3 bats
  6 endoplasms
  A giant cockroach (D:2)
  2 gnoll zombies (Ossuary)
  7 hobgoblins
  3 jackals (D:2)
  6 kobolds
  5 quokkas
  6 ball pythons
  3 frilled lizards
  3 goblins
  5 goblin zombies (Ossuary)
  3 hobgoblin zombies (Ossuary)
  2 orc zombies (Ossuary)
  6 rats
151 creatures vanquished.

Notes
Turn   | Place    | Note
-------+----------+-------------------------------------------
     0 | D:1      | Deminshera the Kobold Brigand began the quest for the Orb.
     0 | D:1      | Reached XP level 1. HP: 12/12 MP: 1/1
   174 | D:1      | Found a faded altar of an unknown god.
   209 | D:1      | Reached XP level 2. HP: 4/18 MP: 2/2
  1370 | D:2      | Noticed Jessica
  1376 | D:2      | Killed Jessica
  1377 | D:2      | Reached XP level 3. HP: 22/22 MP: 3/3
  1421 | D:2      | Reached XP level 4. HP: 27/27 MP: 4/4
  2112 | D:2      | Noticed Natasha
  2119 | D:2      | Killed Natasha
  2120 | D:2      | Reached skill level 6 in Stealth
  2120 | D:2      | Reached XP level 5. HP: 26/32 MP: 5/5
  2139 | D:2      | Noticed Natasha
  2151 | D:2      | Killed Natasha
  2159 | D:2      | Noticed Natasha
  2164 | D:2      | Killed Natasha
  2533 | D:2      | Identified the +9 dagger "Qerecs" {venom, +Blink Dex+4}
  2720 | D:3      | Reached XP level 6. HP: 26/37 MP: 6/6
  3303 | D:3      | Noticed Sigmund
  3317 | D:3      | Killed Sigmund
  3318 | D:3      | Reached skill level 5 in Short Blades
  3318 | D:3      | Reached skill level 7 in Stealth
  3927 | D:3      | Reached XP level 7. HP: 41/43 MP: 7/7
  3941 | D:3      | Found a sparkling altar of Nemelex Xobeh.
  4451 | D:4      | Noticed Blork the orc
  4455 | D:4      | Killed Blork the orc
  4770 | D:4      | You fall into a shaft and drop 1 floor!
  4770 | D:5      | Entered Level 5 of the Dungeon
  4793 | D:5      | Found Miogh's Magic Scroll Emporium.
  4798 | D:5      | Bought a scroll of identify for 26 gold pieces
  4847 | D:5      | Reached skill level 5 in Fighting
  4847 | D:5      | Reached skill level 8 in Stealth
  4907 | D:5      | Found a hazy altar of Hepliaklqana.
  4916 | D:5      | Found a sacrificial altar of Ru.
  4926 | D:5      | Found the +8 trident of the Octopus King {venom, rElec
                  | rPois}
  5143 | D:5      | Reached XP level 8. HP: 35/49 MP: 8/8
  5920 | D:4      | Noticed Menkaure
  5924 | D:4      | Killed Menkaure
  5925 | D:4      | Reached skill level 9 in Stealth
  6796 | D:6      | Found Teliroc's Assorted Antiques.
  6850 | D:6      | Found a shadowy altar of Dithmenos.
  6876 | D:6      | Reached skill level 5 in Dodging
  7242 | D:6      | Reached XP level 9. HP: 56/56 MP: 9/9
  7352 | D:6      | Reached skill level 10 in Stealth
  7438 | D:6      | Noticed a two-headed ogre
  7442 | D:6      | Killed a two-headed ogre
  8117 | D:6      | Noticed a boulder beetle
  8121 | D:6      | Reached skill level 11 in Stealth
  8122 | D:6      | Killed a boulder beetle
  8123 | D:6      | Reached XP level 10. HP: 65/65 MP: 10/10
  8145 | D:6      | Reached skill level 12 in Stealth
  8431 | D:7      | Noticed Duvessa
  8431 | D:7      | Noticed Dowan
  8432 | D:7      | Killed Dowan
  8435 | D:7      | Killed Duvessa
  8436 | D:7      | Reached skill level 13 in Stealth
  8630 | D:7      | Found a blossoming altar of Fedhas.
  8632 | D:7      | Reached skill level 14 in Stealth
  8868 | D:7      | Found a staircase to the Ecumenical Temple.
  8966 | Temple   | Entered the Ecumenical Temple
  9351 | D:8      | Found a sand-covered staircase.
  9357 | Ossuary  | Entered an ossuary
  9381 | Ossuary  | Reached skill level 15 in Stealth
  9550 | D:8      | Noticed a skeletal warrior
  9551 | D:8      | Noticed a skeletal warrior
  9552 | D:8      | Noticed a skeletal warrior
  9552 | D:8      | Noticed a skeletal warrior
 11621 | D:8      | Reached skill level 16 in Stealth
 11832 | D:8      | Demolished by a skeletal warrior

Illustrated notes

Levels and vault maps discovered:
D:1:      matt_arrival_spirals, layout_loops_ring, basic_ecumenical_altar
D:2:      layout_basic, uniq_jessica, uniq_natasha
D:3:      layout_basic, nemelex_diamond_rough_becter, uniq_sigmund
D:4:      layout_basic, uniq_menkaure, uniq_blork_the_orc
D:5:      layout_basic, mainiacjoe_overflow_big_doors, serial_shops,
          nicolae_diamond_shop
D:6:      minmay_octagon_keep, layout_cave_pods,
          nicolae_dithmenos_shadow_blocks, serial_shops,
          nicolae_shop_behind_doors, chequers_serial_rivers_small_b,
          small_statue_intersection
D:7:      layout_basic, mainiacjoe_overflow_tiny_flanked,
          minmay_temple_entry_glassed_door, uniq_duvessa
D:8:      layout_gridville, tso_oasis_becter, kennysheep_mini,
          nicolae_ossuary_entry_plus, minmay_manual_mandibuliform, uniq_pikel
Temple:   minmay_temple_bridge_abc

Skill      XL: |  1  2  3  4  5  6  7  8  9 10 |
---------------+-------------------------------+-----
Short Blades   | 3 4 5 7 8 |  8.0
Dodging        | 2 3 5 7 |  7.0
Fighting       | 3 4 5 6 8 9 |  9.0
Throwing       | 3 |  3.0
Stealth        | 6 7 8 9 11 16 | 16.3

Action                   |  1- 3 |  4- 6 |  7- 9 | 10-12 || total
-------------------------+-------+-------+-------+-------++-------
Melee: Dagger            |    37 |   106 |   144 |   171 ||   458
       Unarmed           |       |     2 |       |       ||     2
Throw: Dart              |     3 |     2 |       |       ||     5
Evoke: Wand              |       |       |     1 |     4 ||     5
  Use: Potion            |       |     1 |       |       ||     1
       Scroll            |       |       |       |     8 ||     8
 Stab: Sleeping          |    14 |    11 |    24 |    25 ||    74
       Distracted        |       |     1 |       |       ||     1
       Paralysed         |       |       |     1 |     1 ||     2
Armor: Robe              |     8 |       |       |       ||     8
       Leather armour    |       |    18 |    11 |    13 ||    42
Dodge: Dodged            |    22 |    55 |    64 |    76 ||   217

Table legend: (Time is in decaauts)
 A = Elapsed time spent in this place.
 B = Non-inter-level travel time spent in this place.
 C = Inter-level travel time spent in this place.
 D = Time resting spent in this place.
 E = Time spent auto-exploring this place.
 F = Levels seen in this place.
 G = Mean time per level.
                   A        B        C        D        E       F      G
               +--------+--------+--------+--------+--------+-----+--------+
         Total |  11707 |  11180 |    527 |   4576 |   5186 |  10 | 1170.7 |
       Dungeon |  11384 |  10880 |    504 |   4576 |   4956 |   8 | 1423.0 |
        Temple |    199 |    176 |     23 |      0 |    167 |   1 |  199.0 |
       Ossuary |    122 |    122 |      0 |      0 |     63 |   1 |  122.0 |
               +--------+--------+--------+--------+--------+-----+--------+

Top non-repeatable levels by time:
     D:6: 2541 daAuts
     D:3: 1714 daAuts
     D:7: 1602 daAuts
     D:2: 1367 daAuts
     D:1: 1307 daAuts
     D:4: 1153 daAuts
     D:5: 1081 daAuts
     D:8: 616 daAuts
  Temple: 199 daAuts
 Ossuary: 122 daAuts
